Map: Tuonela LE

Players

GOTRUMPGO - Winner!

  • Race: Zerg Zerg
  • League: Master
  • Spawn Location: 11:00

MarcoMan - Winner!

  • Race: Protoss Protoss
  • League: Master
  • Spawn Location: 9:00

Mackest - Winner!

  • Race: Zerg Zerg
  • Spawn Location: 12:00

SprCommander - Winner!

  • Race: Terran Terran
  • League: Platinum
  • Spawn Location: 11:00

jacktdnguyen

  • Race: Protoss Protoss
  • League: Platinum
  • Spawn Location: 3:00

MrMojo

  • Race: Zerg Zerg
  • Spawn Location: 5:00

King

  • Race: Zerg Zerg
  • Spawn Location: 6:00

pickledhen

  • Race: Zerg Zerg
  • League: Diamond
  • Spawn Location: 5:00

VOD

Have the link to the VOD?

Description

Time

  • Played on: Jan. 18, 2021, 2:10 p.m.
  • Length: 13:59
Show
View Real Time Build Order
Export as new Build Order

GOTRUMPGO Zerg - Winner!

Build Orders: Hatch First 

Get SALT Encoding   

  12  0:00  Drone  
  13  0:08  Drone  
  14  0:18  Extractor, Drone  
  15  0:40  Hatchery  
  14  0:43  Extractor  
  14  0:45  Drone  
  14  1:00  Spawning Pool  
  14  1:02  Drone  
  14  1:13  Extractor  
  14  1:14  Drone  
  15  1:21  Overlord  
  15  1:47  Queen, Metabolic Boost  
  15  1:49  Zergling x4  
  15  1:52  Zergling x2  
  20  1:55  Zergling x2  
  21  2:03  Zergling x4  
  23  2:10  Overlord  
  23  2:16  Zergling x2  
  24  2:25  Zergling x2  
  24  2:26  Zergling x2  
  26  2:33  Zergling x2  
  27  2:46  Zergling x6  
  30  2:56  Overlord  
  30  2:57  Zergling x2  
  30  2:58  Zergling x6  
  34  3:11  Zergling x4  
  35  3:25  Zergling x4  
  34  3:36  Zergling x4  
  34  3:37  Zergling x4  
  32  3:50  Zergling x4  
  32  3:56  Zergling x4  
  32  3:59  Queen  
  35  4:03  Zergling x4  
  35  4:13  Drone  
  36  4:20  Zergling x8  
  37  4:28  Zergling x4  
  35  4:36  Zergling x2  
  34  4:43  Drone  
  34  4:44  Drone  
  36  4:50  Zergling x2  
  37  5:00  Zergling x8  
  39  5:10  Zergling x8  
  39  5:11  Baneling Nest  
  42  5:14  Overlord  
  42  5:20  Zergling x2  
  40  5:37  Zergling x6  
  40  5:42  Drone x3  
  39  5:43  Drone  
  39  5:46  Drone  
  40  5:52  Drone  
  40  5:56  Drone  
  42  5:58  Drone  
  42  5:59  Baneling  
  43  6:06  Drone x2  
  43  6:07  Baneling  
  41  6:27  Drone x3  
  41  6:28  Lair  
  41  6:30  Drone x2  
  41  6:31  Drone  
  41  6:32  Drone  
  47  6:44  Overlord  
  47  6:45  Overlord  
  47  6:48  Drone x3  
  47  6:51  Extractor  
  47  6:52  Extractor, Drone  
  49  6:56  Zergling x2  
  49  7:01  Drone x2  
  52  7:03  Extractor, Drone  
  52  7:07  Overlord  
  51  7:09  Drone x2  
  51  7:10  Drone  
  51  7:13  Drone  
  55  7:24  Drone x2  
  55  7:28  Spire  
  56  7:31  Drone x4  
  56  7:36  Drone  
  61  7:38  Drone x3  
  61  7:40  Drone  
  65  7:46  Baneling x2  
  65  7:50  Overlord  
  65  7:51  Drone  
  66  8:02  Drone x2  
  61  8:06  Overlord  
  61  8:07  Overlord  
  61  8:10  Zergling x2  
  61  8:11  Zergling x6  
  64  8:13  Hatchery  
  64  8:16  Drone  
  64  8:23  Drone  
  65  8:28  Roach Warren  
  65  8:30  Drone, Evolution Chamber  
  65  8:31  Drone  
  65  8:44  Drone x2  
  65  8:45  Overlord x2  
  65  8:46  Overlord  
  67  8:49  Drone x3  
  70  8:57  Zerg Missile Weapons Level 1  
  70  9:00  Overlord x2  
  70  9:11  Corruptor  
  70  9:12  Corruptor x3  
  75  9:17  Zergling x4  
  75  9:20  Corruptor  
  78  9:25  Corruptor  
  78  9:29  Corruptor  
  82  9:37  Extractor  
  81  9:43  Roach x4  
  89  9:48  Roach  
  89  9:49  Roach x3  
  97  9:57  Extractor  
  97  9:58  Zerg Flyer Weapons Level 1  
  97  9:59  Overlord x2, Glial Reconstitution  
  96  10:03  Baneling  
  96  10:04  Zergling x6  
  96  10:05  Zergling x2  
  99  10:10  Roach x3  
  105  10:16  Overlord x2  
  105  10:18  Drone  
  106  10:25  Roach x4  
  106  10:26  Roach  
  116  10:34  Roach x2  
  116  10:35  Queen  
  119  10:36  Overlord  
  121  10:50  Roach  
  121  10:51  Roach x2  
  121  10:56  Overlord x2  
  127  11:00  Zerg Missile Weapons Level 2  
  127  11:01  Hatchery  
  126  11:04  Extractor  
  126  11:06  Extractor  
  124  11:12  Overlord x2  
  124  11:17  Drone x4  
  127  11:22  Roach  
  127  11:23  Roach x3  
  134  11:30  Baneling  
  134  11:34  Baneling x3  
  134  11:35  Baneling  
  125  11:48  Roach x9  
  125  11:52  Overlord  
  125  11:53  Overlord  
  143  11:58  Infestation Pit  
  139  12:07  Corruptor x2  
  132  12:13  Roach  
  132  12:14  Roach x2  
  138  12:21  Drone x4  
  138  12:22  Drone x2  
  144  12:27  Overseer  
  148  12:30  Roach x2  
  142  12:52  Corruptor  
  142  12:53  Corruptor x5  
  148  13:12  Roach  
  150  13:13  Overlord x2, Roach x4  
  150  13:20  Corruptor  
  150  13:21  Corruptor x2  
Show
View Real Time Build Order
Export as new Build Order

MarcoMan Protoss - Winner!

Build Orders:  

Get SALT Encoding   

  12  0:01  Probe  
  13  0:13  Probe  
  14  0:18  Pylon  
  14  0:25  Probe  
  15  0:37  Probe  
  15  0:41  Forge  
  16  1:06  Pylon  
  16  1:17  Pylon  
  16  1:18  Pylon  
  16  1:24  Pylon  
  16  1:26  Pylon  
  16  1:36  Photon Cannon  
  16  1:45  Gateway  
  16  1:58  Photon Cannon  
  16  2:08  Photon Cannon  
  16  2:10  Probe  
  16  2:13  Assimilator  
  17  2:15  Assimilator  
  17  2:22  Probe  
  18  2:31  Photon Cannon  
  18  2:34  Probe  
  21  2:45  Cybernetics Core  
  21  2:51  Zealot  
  21  2:59  Pylon  
  21  3:10  Probe  
  22  3:22  Photon Cannon  
  20  3:34  Probe  
  20  3:37  Stargate  
  21  3:55  Nexus  
  21  4:17  Pylon  
  21  4:18  Oracle (Chrono Boost)  
  24  4:39  Gateway  
  24  4:40  Photon Cannon  
  23  4:56  Probe (Chrono Boost), Oracle (Chrono Boost)  
  25  5:08  Probe (Chrono Boost)  
  25  5:13  Probe x2 (Chrono Boost)  
  27  5:23  Probe  
  27  5:24  Probe  
  27  5:26  Gateway  
  29  5:35  Probe  
  30  5:36  Probe  
  30  5:38  Photon Cannon  
  31  5:47  Probe  
  31  5:48  Probe  
  33  5:52  Oracle  
  36  6:00  Probe x2  
  38  6:09  Pylon  
  38  6:14  Probe x2  
  40  6:26  Probe x2  
  39  6:33  Assimilator  
  39  6:36  Assimilator  
  39  6:38  Probe  
  39  6:39  Probe  
  41  6:45  Pylon  
  41  6:49  Stargate  
  41  6:51  Probe x2  
  41  6:52  Oracle (Chrono Boost)  
  43  6:57  Protoss Shields Level 1  
  46  7:03  Probe  
  47  7:33  Oracle  
  50  7:37  Probe  
  51  7:49  Nexus  
  51  7:52  Pylon  
  51  7:53  Pylon  
  51  8:03  Assimilator  
  51  8:06  Oracle  
  51  8:07  Assimilator  
  51  8:10  Oracle (Chrono Boost)  
  57  8:14  Probe x2  
  57  8:18  Photon Cannon  
  59  8:20  Photon Cannon  
  59  8:21  Shield Battery  
  59  8:26  Probe x2  
  61  8:40  Oracle (Chrono Boost)  
  61  8:46  Phoenix (Chrono Boost)  
  66  8:50  Probe x2  
  66  8:53  Photon Cannon  
  66  8:54  Shield Battery  
  68  9:03  Phoenix (Chrono Boost)  
  70  9:10  Phoenix (Chrono Boost)  
  72  9:18  Probe  
  72  9:19  Probe  
  72  9:21  Probe  
  72  9:23  Phoenix (Chrono Boost)  
  77  9:27  Phoenix (Chrono Boost)  
  77  9:30  Probe  
  80  9:36  Photon Cannon  
  80  9:42  Photon Cannon  
  80  9:45  Pylon  
  80  10:09  Phoenix x2  
  63  10:31  Fleet Beacon, Phoenix  
  63  10:34  Phoenix  
  67  10:38  Probe  
  68  10:49  Phoenix  
  68  10:54  Nexus  
  68  10:56  Pylon  
  70  10:58  Pylon  
  70  10:59  Phoenix  
  70  11:00  Protoss Air Weapons Level 1 (Chrono Boost)  
  72  11:14  Phoenix  
  74  11:24  Phoenix, Anion Pulse-Crystals  
  76  11:39  Phoenix  
  78  11:42  Probe x3  
  78  11:46  Assimilator  
  81  11:49  Phoenix  
  81  11:51  Assimilator  
  81  11:53  Stargate  
  81  11:54  Probe  
  84  12:04  Phoenix  
  86  12:14  Phoenix  
  86  12:29  Phoenix  
  86  12:39  Phoenix  
  84  12:54  Phoenix  
  86  13:04  Phoenix  
  88  13:18  Phoenix  
  90  13:29  Phoenix  
Show
View Real Time Build Order
Export as new Build Order

Mackest Zerg - Winner!

Build Orders: Hatch First, Lurkers 

Get SALT Encoding   

  12  0:00  Drone  
  13  0:13  Overlord  
  13  0:17  Drone  
  14  0:31  Drone x2  
  16  0:36  Drone  
  17  0:48  Drone  
  18  0:59  Extractor, Hatchery  
  16  1:14  Spawning Pool, Drone  
  16  1:18  Drone  
  17  1:22  Drone  
  18  1:32  Drone  
  19  1:48  Drone  
  19  1:50  Overlord  
  20  2:04  Queen  
  20  2:06  Metabolic Boost  
  22  2:12  Queen  
  25  2:15  Zergling x4  
  26  2:29  Zergling x6  
  29  2:34  Zergling x2  
  29  2:35  Zergling x2  
  31  2:52  Zergling x4  
  33  3:04  Zergling x2  
  33  3:05  Zergling x4  
  36  3:17  Overlord  
  36  3:45  Hatchery  
  36  3:46  Drone x5  
  36  3:47  Drone x3  
  36  3:54  Lair  
  36  3:56  Extractor, Spore Crawler  
  36  3:59  Zergling x2  
  36  4:00  Zergling x6  
  36  4:01  Zergling x2  
  35  4:13  Zergling x8  
  35  4:14  Zergling x2  
  40  4:22  Overlord  
  40  4:27  Drone  
  40  4:28  Drone  
  42  4:38  Overlord  
  42  4:50  Drone x2  
  42  4:51  Drone x2  
  46  4:54  Hydralisk Den  
  46  4:55  Drone x5  
  46  4:58  Drone  
  50  5:11  Drone  
  50  5:12  Drone x2  
  50  5:19  Drone x3  
  50  5:20  Drone  
  54  5:21  Extractor  
  54  5:22  Drone x2  
  54  5:23  Extractor  
  53  5:30  Drone x2  
  53  5:31  Drone x3  
  58  5:36  Muscular Augments  
  58  5:49  Evolution Chamber  
  57  5:56  Infestation Pit  
  56  6:02  Hydralisk x2  
  56  6:03  Hydralisk x2  
  64  6:22  Hydralisk, Zerg Missile Weapons Level 1  
  64  6:24  Overlord x2  
  66  6:32  Hatchery  
  66  6:36  Queen  
  64  6:44  Hive  
  64  6:47  Evolution Chamber  
  62  6:48  Grooved Spines, Hydralisk  
  62  6:49  Hydralisk x2, Lurker Den  
  62  6:53  Drone x4  
  71  7:02  Drone x5  
  71  7:03  Drone  
  75  7:17  Hydralisk x2  
  75  7:18  Hydralisk  
  75  7:22  Overlord  
  81  7:33  Overlord x2  
  81  7:34  Overlord  
  81  7:39  Extractor  
  81  7:41  Nydus Network x2  
  81  7:42  Extractor  
  77  7:51  Queen, Drone  
  80  7:59  Hydralisk x5  
  80  8:00  Hydralisk  
  86  8:23  Lurker x2  
  88  8:30  Drone  
  88  8:31  Drone x2  
  91  8:40  Hydralisk x3  
  91  8:41  Hydralisk x2  
  97  8:44  Drone  
  97  8:46  Extractor  
  97  8:48  Extractor  
  100  8:54  Zerg Ground Armor Level 1  
  100  8:56  Drone x3  
  100  8:57  Drone x2  
  95  9:09  Hydralisk x3  
  95  9:10  Hydralisk  
  103  9:27  Nydus Canal  
  103  9:32  Nydus Canal  
  103  9:36  Hydralisk x4  
  111  10:00  Overlord x3  
  111  10:01  Overlord x2  
  111  10:06  Hydralisk  
  101  10:20  Hydralisk x2  
  97  10:23  Hydralisk x2  
  97  10:24  Hydralisk  
  97  10:25  Hydralisk x3  
  97  10:27  Overseer  
  109  10:35  Drone x6  
  102  10:39  Overlord  
  102  10:41  Hydralisk x5  
  113  10:44  Zerg Missile Weapons Level 2  
  113  10:48  Lurker  
  108  10:53  Lurker x2  
  108  10:54  Lurker  
  111  11:02  Drone  
  111  11:03  Drone x2  
  114  11:13  Adaptive Talons  
  114  11:30  Hydralisk x6  
  114  11:31  Hydralisk x3  
  132  11:50  Hydralisk x4  
  140  12:01  Nydus Canal  
  140  12:05  Nydus Canal  
  140  12:13  Hydralisk x3  
  140  12:14  Hydralisk x3  
  152  12:37  Nydus Canal  
  142  12:50  Nydus Canal  
  130  12:58  Hydralisk x2  
  130  12:59  Hydralisk x6  
  130  13:04  Nydus Canal  
  142  13:12  Hydralisk x5  
  146  13:15  Hydralisk x2  
  156  13:26  Hydralisk x2  
  160  13:31  Overlord  
Show
View Real Time Build Order
Export as new Build Order

SprCommander Terran - Winner!

Build Orders: Command Center First (CC) 

Get SALT Encoding   

  12  0:02  SCV  
  13  0:14  SCV  
  14  0:27  SCV  
  15  0:30  Supply Depot  
  15  0:52  SCV  
  16  1:02  Command Center  
  16  1:04  SCV  
  17  1:15  Barracks  
  17  1:25  SCV  
  18  1:29  Refinery  
  18  1:37  SCV  
  19  1:49  SCV  
  20  2:02  Orbital Command  
  20  2:06  Refinery  
  20  2:08  Supply Depot  
  20  2:15  Barracks Tech Lab  
  20  2:20  Barracks, Refinery  
  20  2:27  Orbital Command  
  20  2:33  SCV  
  20  2:36  Marine  
  22  2:48  Factory  
  22  2:49  SCV  
  23  3:13  Barracks Tech Lab  
  23  3:14  Marine  
  23  3:15  Stimpack  
  23  3:19  Barracks  
  24  3:20  SCV  
  24  3:24  SCV  
  26  3:32  SCV  
  27  3:35  Factory Reactor, Starport  
  27  3:36  SCV  
  27  3:37  Marine  
  27  3:38  Marine  
  30  3:51  Combat Shield  
  30  4:04  SCV  
  30  4:05  Barracks  
  30  4:07  Barracks  
  30  4:08  SCV  
  32  4:14  Barracks Reactor  
  32  4:16  SCV  
  33  4:25  Engineering Bay  
  33  4:26  Factory Tech Lab  
  33  4:28  Engineering Bay  
  33  4:31  SCV x2  
  35  4:34  Medivac  
  37  4:38  Medivac  
  39  4:46  SCV  
  39  4:47  SCV  
  39  4:51  Marine  
  42  4:58  SCV  
  42  4:59  SCV  
  44  5:02  Marine  
  46  5:15  Barracks Reactor  
  46  5:16  Marine  
  46  5:17  Barracks Reactor  
  46  5:20  Barracks  
  46  5:23  Terran Infantry Weapons Level 1  
  46  5:24  Terran Infantry Armor Level 1  
  46  5:27  Refinery  
  46  5:38  Supply Depot  
  46  5:40  Supply Depot  
  46  5:45  Supply Depot  
  46  5:52  Concussive Shells  
  46  6:00  Supply Depot, SCV x2, Marine x4  
  46  6:02  Supply Depot, Marine  
  53  6:05  Marine  
  53  6:12  SCV  
  53  6:17  Marine x4  
  53  6:18  Marine x2  
  54  6:19  Marine  
  54  6:23  Marine  
  57  6:28  SCV x2  
  59  6:33  Missile Turret  
  59  6:35  Marine x4  
  59  6:36  Marine x2  
  59  6:37  Marine  
  66  6:40  Barracks Reactor  
  66  6:41  Marine  
  66  6:44  SCV  
  66  6:46  SCV  
  69  6:53  Marine x3  
  72  6:56  Marine x4  
  72  7:00  Marine  
  77  7:11  Marine x3  
  77  7:14  Marine x4  
  84  7:16  Marine  
  84  7:17  Marine x2  
  87  7:29  Marine x3  
  87  7:32  Marine x4  
  87  7:33  Armory, SCV  
  87  7:34  Marine x2  
  87  7:36  Supply Depot  
  94  7:46  Marine  
  94  7:47  Marine  
  94  7:48  Marine  
  94  7:50  Siege Tank  
  94  7:55  Marine x2  
  94  7:56  Marine x4  
  94  7:57  Marine  
  92  8:04  Marine  
  92  8:05  Marine x2  
  88  8:13  Marine x2  
  88  8:14  Marine x4  
  94  8:26  Marine x3  
  92  8:28  Marine  
  92  8:31  Marine x2  
  92  8:32  Marine x2  
  95  8:39  Marine  
  95  8:40  Marine  
  90  8:44  Marine x3  
  90  8:45  Marine  
  91  8:49  Marine x3  
  91  8:54  Marine  
  80  8:57  Marine x2  
  80  8:59  SCV  
  80  9:00  Medivac  
  80  9:01  Marine  
  80  9:02  Marine x2  
  86  9:03  Marine  
  86  9:09  Medivac  
  89  9:10  Terran Infantry Weapons Level 2  
  89  9:15  Terran Infantry Armor Level 2  
  89  9:16  Marine  
  90  9:22  Marine  
  90  9:23  Marine x2  
  91  9:31  Siege Tank, Marine  
  91  9:32  Medivac  
  94  9:39  Medivac  
  94  9:40  Marine  
  94  9:43  SCV  
  96  9:49  Marine  
  96  9:50  Marine x3  
  96  9:51  Marine  
  96  9:52  Marine  
  79  9:59  Marine x4  
  80  10:02  Medivac  
  78  10:07  Marine x3  
  78  10:08  Marine  
  81  10:16  Marine  
  81  10:17  Marine x2  
  81  10:18  Medivac, Marine x2  
  87  10:24  Marine  
  87  10:25  Marine x2  
  87  10:26  Marine x2  
  91  10:37  Medivac, Marine x2  
  91  10:39  Siege Tank  
  91  10:40  Marine  
  95  10:54  Viking, Marine x2  
  95  10:55  Marine x3  
  101  10:57  Marine  
  101  10:58  Marine x2  
  101  11:02  Marine x2  
  95  11:07  Medivac  
  82  11:12  Marine x2  
  82  11:13  Marine x3  
  82  11:15  Marine x2  
  82  11:16  Marine  
  88  11:20  Marine  
  88  11:22  Marine  
  87  11:29  Marine  
  87  11:30  Marine  
  87  11:31  Marine x3  
  89  11:33  Marine x3  
  89  11:38  Marine  
  93  11:40  Marine  
  94  11:47  Marine  
  94  11:48  Marine  
  94  11:49  Marine  
  97  11:58  Marine x2  
  99  12:12  Marine x3  
  99  12:13  Marine x3  
  99  12:14  Marine  
  105  12:22  Marine x3  
  100  12:32  Siege Tank, Marine  
  91  12:49  Marine  
  91  12:50  Marine x4  
  96  12:53  Marine x2  
  96  12:54  Marine  
  96  12:55  Marine  
  96  12:57  Marine  
  97  13:07  Marine x2  
  97  13:09  Marine  
  98  13:36  Marine  
Show
View Real Time Build Order
Export as new Build Order

jacktdnguyen Protoss 

Build Orders:  

Get SALT Encoding   

  12  0:00  Probe  
  13  0:12  Probe  
  14  0:24  Probe  
  15  0:28  Pylon  
  15  0:46  Probe (Chrono Boost)  
  15  0:47  Gateway  
  16  0:50  Assimilator  
  16  0:56  Pylon  
  16  0:59  Probe (Chrono Boost)  
  16  1:04  Probe (Chrono Boost)  
  18  1:15  Probe (Chrono Boost)  
  18  1:17  Assimilator  
  20  1:26  Probe (Chrono Boost)  
  20  1:30  Probe (Chrono Boost)  
  22  1:41  Probe  
  23  1:53  Probe  
  24  1:57  Pylon  
  22  2:09  Probe  
  22  2:14  Forge  
  23  2:21  Probe (Chrono Boost)  
  22  2:34  Probe (Chrono Boost)  
  23  2:39  Probe (Chrono Boost)  
  24  2:47  Photon Cannon  
  24  2:48  Photon Cannon  
  24  2:51  Photon Cannon  
  24  2:58  Pylon  
  24  3:06  Probe  
  25  3:23  Probe  
  26  3:33  Nexus  
  26  3:36  Probe  
  27  3:42  Assimilator  
  27  3:50  Probe  
  28  4:03  Probe  
  29  4:15  Probe  
  29  4:17  Gateway  
  30  4:20  Gateway  
  30  4:27  Probe  
  31  4:36  Pylon  
  31  4:40  Assimilator  
  31  4:45  Probe  
  32  4:50  Probe (Chrono Boost)  
  33  4:56  Photon Cannon  
  33  4:57  Probe (Chrono Boost)  
  34  5:02  Probe (Chrono Boost)  
  36  5:07  Probe (Chrono Boost)  
  36  5:09  Probe (Chrono Boost)  
  36  5:12  Probe (Chrono Boost)  
  38  5:17  Assimilator  
  38  5:19  Probe (Chrono Boost)  
  39  5:23  Probe (Chrono Boost)  
  40  5:31  Cybernetics Core  
  40  5:32  Probe x2 (Chrono Boost), Nexus  
  42  5:35  Pylon  
  42  5:39  Photon Cannon  
  42  5:40  Probe (Chrono Boost)  
  44  5:47  Probe (Chrono Boost)  
  44  5:49  Pylon  
  44  5:52  Probe (Chrono Boost)  
  44  5:59  Probe  
  45  6:04  Probe  
  45  6:11  Stargate  
  46  6:13  Stargate  
  46  6:15  Stargate  
  46  6:18  Probe  
  47  6:20  Cybernetics Core, Probe  
  47  6:24  Protoss Air Weapons Level 1 (Chrono Boost)  
  48  6:30  Probe  
  48  6:32  Assimilator, Probe  
  50  6:34  Assimilator  
  50  6:44  Probe (Chrono Boost)  
  52  6:47  Probe (Chrono Boost)  
  52  6:48  Shield Battery, Photon Cannon  
  52  6:50  Probe (Chrono Boost)  
  53  6:59  Probe (Chrono Boost)  
  53  7:01  Probe (Chrono Boost)  
  55  7:03  Phoenix, Robotics Facility  
  55  7:04  Probe (Chrono Boost)  
  58  7:09  Pylon, Probe  
  58  7:11  Protoss Air Armor Level 1 (Chrono Boost), Probe  
  60  7:15  Probe  
  60  7:17  Phoenix (Chrono Boost)  
  60  7:21  Probe  
  62  7:23  Phoenix (Chrono Boost)  
  62  7:35  Phoenix (Chrono Boost)  
  61  7:37  Probe x2  
  61  7:39  Phoenix (Chrono Boost), Probe  
  66  7:48  Phoenix (Chrono Boost)  
  66  7:49  Probe  
  69  7:53  Phoenix  
  69  7:57  Phoenix  
  73  8:10  Phoenix  
  75  8:15  Probe x2  
  75  8:18  Phoenix  
  79  8:22  Phoenix  
  77  8:35  Phoenix  
  76  8:43  Phoenix  
  76  8:47  Phoenix  
  80  8:50  Probe (Chrono Boost)  
  80  8:55  Probe x2 (Chrono Boost)  
  83  8:59  Probe (Chrono Boost)  
  83  9:00  Phoenix  
  87  9:03  Probe (Chrono Boost)  
  87  9:05  Probe  
  87  9:08  Phoenix  
  90  9:11  Fleet Beacon  
  90  9:12  Phoenix  
  90  9:16  Photon Cannon  
  86  9:25  Phoenix  
  86  9:49  Phoenix  
  84  9:53  Probe  
  84  9:58  Phoenix  
  84  9:59  Phoenix  
  77  10:06  Pylon  
  71  10:15  Phoenix  
  60  10:23  Phoenix, Probe  
  60  10:24  Phoenix  
  62  10:33  Probe x2  
  62  10:39  Probe (Chrono Boost)  
  62  10:40  Phoenix  
  62  10:41  Pylon  
  64  10:46  Probe (Chrono Boost)  
  64  10:48  Phoenix, Probe (Chrono Boost)  
  64  10:49  Phoenix  
  70  10:51  Probe (Chrono Boost)  
  72  10:57  Probe (Chrono Boost)  
  72  10:59  Probe (Chrono Boost)  
  72  11:00  Probe (Chrono Boost)  
  72  11:02  Probe (Chrono Boost)  
  75  11:05  Phoenix  
  78  11:12  Probe (Chrono Boost)  
  78  11:13  Phoenix  
  78  11:14  Phoenix, Probe x2 (Chrono Boost)  
  82  11:24  Probe (Chrono Boost)  
  82  11:26  Probe (Chrono Boost)  
  82  11:30  Phoenix  
  82  11:32  Probe  
  78  11:38  Phoenix  
  78  11:39  Phoenix  
  83  11:42  Pylon  
  83  11:45  Probe x2  
  85  11:50  Pylon  
  85  11:52  Pylon  
  85  11:54  Pylon  
  85  11:56  Phoenix  
  85  11:57  Probe x2  
  85  12:00  Probe  
  86  12:03  Phoenix  
  86  12:06  Phoenix  
  77  12:09  Probe  
  77  12:18  Probe  
  77  12:21  Phoenix  
  75  12:24  Probe  
  53  12:45  Probe  
  53  12:46  Probe  
  37  12:59  Probe  
  36  13:11  Probe  
  31  13:23  Probe  
  31  13:24  Pylon  
  12  13:35  Probe  
Show
View Real Time Build Order
Export as new Build Order

MrMojo Zerg 

Build Orders: Hatch First 

Get SALT Encoding   

  12  0:00  Drone  
  13  0:08  Drone  
  14  0:14  Extractor  
  14  0:15  Drone  
  15  0:38  Hatchery  
  15  0:42  Extractor  
  13  0:43  Drone  
  13  0:49  Overlord  
  15  0:56  Extractor x2  
  13  0:57  Drone  
  15  1:12  Spawning Pool  
  15  1:15  Drone  
  15  1:19  Drone  
  15  1:23  Drone  
  17  1:28  Drone  
  18  1:37  Drone  
  19  1:48  Drone  
  19  1:50  Drone  
  21  1:59  Queen  
  21  2:01  Queen  
  23  2:07  Metabolic Boost  
  25  2:21  Drone x3  
  28  2:23  Overlord  
  28  2:29  Extractor, Drone  
  28  2:30  Extractor, Drone  
  28  2:33  Overlord  
  31  2:44  Zergling x6  
  33  2:54  Zergling x2  
  34  3:01  Zergling x2  
  34  3:04  Hatchery  
  34  3:09  Zergling x6  
  34  3:10  Zergling x4  
  39  3:15  Queen  
  39  3:17  Overlord  
  41  3:23  Zergling x4  
  41  3:25  Zergling x2  
  44  3:31  Overlord  
  44  3:38  Zergling x4  
  45  3:44  Zergling x2  
  45  3:45  Zergling x6  
  40  3:51  Baneling Nest  
  39  3:56  Zergling x6  
  39  4:03  Zergling x2  
  40  4:14  Zergling x4  
  42  4:19  Zergling x2  
  42  4:20  Zergling x8  
  47  4:29  Queen  
  45  4:42  Zergling x2  
  45  4:43  Zergling x10  
  51  4:49  Spine Crawler  
  51  4:50  Evolution Chamber  
  49  4:58  Baneling  
  49  4:59  Baneling x6  
  48  5:00  Baneling  
  42  5:27  Lair  
  39  5:31  Drone  
  39  5:32  Drone x6  
  39  5:33  Drone x2  
  48  5:39  Spine Crawler  
  47  5:44  Overlord  
  47  5:45  Drone  
  48  5:56  Spore Crawler  
  47  5:59  Spore Crawler  
  46  6:07  Zergling x10  
  40  6:29  Zergling x2  
  40  6:30  Zergling x16  
  49  6:36  Zerg Melee Weapons Level 1  
  44  6:44  Baneling x5  
  44  6:46  Drone  
  45  6:57  Drone  
  45  6:58  Drone x3  
  37  7:19  Overlord  
  36  7:25  Evolution Chamber  
  32  7:30  Spine Crawler  
  32  7:33  Zergling x2  
  32  7:34  Zergling x10  
  37  7:55  Centrifical Hooks  
  32  8:00  Drone x4  
  32  8:01  Drone x3  
  32  8:03  Drone  
  40  8:13  Zergling x6  
  42  8:22  Drone x3  
  42  8:23  Drone  
  46  8:30  Extractor  
  46  8:33  Extractor x2  
  43  8:41  Zergling x2  
  43  8:42  Zergling x12  
  50  8:55  Overlord  
  50  8:58  Zerg Melee Weapons Level 2  
  50  9:00  Drone x3  
  53  9:03  Drone x2  
  53  9:05  Drone  
  56  9:14  Drone x3  
  59  9:26  Zerg Ground Armor Level 1  
  59  9:32  Drone  
  59  9:33  Baneling x3  
  59  9:35  Overlord  
  60  9:50  Overlord  
  60  9:56  Spine Crawler  
  60  9:58  Spine Crawler  
  58  10:03  Infestation Pit  
  58  10:05  Hatchery  
  56  10:07  Spire  
  56  10:12  Overlord  
  55  10:24  Zergling x14  
  61  10:32  Baneling x6  
  61  10:33  Baneling  
  61  10:38  Overlord  
  61  10:40  Overseer  
  61  10:49  Hive  
  60  11:04  Overlord  
  57  11:08  Overlord  
  57  11:12  Drone x2  
  57  11:13  Drone x4  
  57  11:17  Drone  
  57  11:18  Drone  
  65  11:28  Zerg Ground Armor Level 2  
  65  11:35  Queen  
  67  11:57  Overlord  
  62  12:02  Zergling x26  
  62  12:04  Zergling x2  
  66  12:13  Drone  
  66  12:14  Drone x4  
  71  12:22  Extractor x2  
  69  12:26  Baneling x13  
  69  12:27  Baneling  
  61  12:51  Ultralisk Cavern  
  54  13:02  Zergling x2  
  54  13:03  Zergling x18  
  63  13:18  Zergling x2  
  63  13:19  Zergling x10  
  70  13:20  Zergling x6  
  70  13:22  Zergling x2  
Show
View Real Time Build Order
Export as new Build Order

King Zerg 

Build Orders: Hatch First 

Get SALT Encoding   

  12  0:01  Drone  
  13  0:10  Drone  
  14  0:27  Overlord  
  14  0:42  Hatchery  
  13  0:45  Drone  
  14  0:52  Drone x2  
  16  0:57  Drone  
  17  1:07  Drone  
  18  1:16  Spawning Pool  
  17  1:21  Extractor, Drone  
  17  1:29  Drone  
  18  1:44  Drone  
  19  1:51  Overlord  
  19  1:54  Drone  
  20  2:03  Zergling x2  
  21  2:09  Zergling x2, Queen  
  21  2:10  Queen  
  21  2:13  Zergling x2  
  27  2:16  Zergling x2  
  28  2:23  Metabolic Boost  
  28  2:25  Zergling x2  
  29  2:33  Zergling x2  
  29  2:34  Overlord  
  30  2:40  Overlord  
  30  2:50  Zergling x4  
  32  2:58  Spine Crawler  
  31  3:04  Zergling x4  
  33  3:10  Zergling x4  
  35  3:20  Zergling x2  
  35  3:21  Zergling x2  
  35  3:24  Zergling x2  
  38  3:32  Zergling x10  
  40  3:35  Zergling x2  
  40  3:39  Zergling x2  
  39  3:46  Spine Crawler  
  33  3:52  Zergling x4  
  31  3:57  Zergling x2  
  31  3:58  Zergling x2  
  33  4:03  Zergling x2  
  33  4:09  Zergling x4  
  36  4:14  Drone  
  37  4:23  Zergling x6  
  34  4:33  Zergling x2, Baneling Nest  
  34  4:38  Zergling x2  
  34  4:42  Drone  
  34  4:44  Drone  
  36  4:56  Zergling x2  
  36  4:57  Zergling x4  
  35  5:02  Spore Crawler  
  35  5:05  Zergling x2  
  33  5:14  Zergling x6  
  33  5:19  Zergling x4  
  36  5:22  Baneling  
  36  5:23  Baneling  
  36  5:34  Zergling x6  
  36  5:35  Zergling x2  
  34  5:44  Zergling x4  
  36  5:52  Spore Crawler  
  35  6:01  Baneling x4  
  35  6:02  Drone x2  
  37  6:05  Drone  
  32  6:21  Drone  
  32  6:22  Drone x4  
  33  6:40  Baneling x2  
  33  6:46  Drone x3  
  33  6:47  Drone  
  37  6:50  Spore Crawler  
  34  7:19  Lair  
  34  7:26  Drone x5  
  34  7:27  Extractor, Drone x4  
  42  7:55  Hatchery  
  42  7:56  Zergling x6  
  42  7:57  Zergling x6  
  42  7:58  Zergling x2  
  41  8:04  Zergling x2  
  40  8:10  Zergling x4  
  42  8:13  Queen  
  42  8:18  Baneling  
  42  8:19  Baneling x6  
  43  8:37  Spore Crawler  
  43  8:38  Zergling x8  
  43  8:39  Spore Crawler  
  45  8:45  Centrifical Hooks  
  45  8:53  Zergling x6  
  47  8:59  Drone x2  
  49  9:07  Zergling x4  
  49  9:08  Zergling x2  
  52  9:12  Zergling x2  
  52  9:17  Baneling x5  
  53  9:19  Drone x2  
  55  9:28  Zergling x4  
  55  9:29  Zergling x2  
  57  9:38  Overlord  
  57  9:39  Overlord  
  56  9:46  Evolution Chamber  
  56  9:47  Evolution Chamber  
  51  9:52  Zergling x2  
  51  9:53  Zergling x6  
  51  9:58  Zergling x2  
  51  9:59  Zergling x4  
  54  10:04  Zergling x4  
  52  10:09  Drone  
  52  10:10  Drone x2  
  53  10:19  Drone x3  
  54  10:34  Spine Crawler  
  54  10:35  Spore Crawler  
  52  10:40  Zergling x2  
  52  10:41  Zergling x14  
  59  10:48  Zerg Ground Armor Level 1  
  52  10:56  Zergling x8  
  54  11:02  Zergling x4  
  54  11:03  Zergling x4  
  53  11:10  Roach Warren  
  51  11:15  Queen  
  52  11:22  Drone x3  
  55  11:33  Zerg Missile Weapons Level 1  
  41  11:50  Roach x3  
  41  11:51  Roach x5  
  57  12:01  Roach  
  57  12:02  Roach x2  
  63  12:12  Roach  
  63  12:15  Glial Reconstitution  
  65  12:16  Overlord x2  
  65  12:27  Overlord  
  65  12:30  Drone  
  65  12:36  Roach x5  
  76  12:43  Roach x2  
  74  12:48  Roach x3  
  72  12:51  Roach  
  72  12:52  Roach  
  72  12:56  Roach  
  72  13:01  Roach x2  
  70  13:07  Roach  
  70  13:08  Roach  
  70  13:12  Roach x2  
  78  13:23  Overlord  
  78  13:24  Overlord x2  
  74  13:34  Roach  
Show
View Real Time Build Order
Export as new Build Order

pickledhen Zerg 

Build Orders: Hatch First, Lurkers 

Get SALT Encoding   

  12  0:01  Drone  
  13  0:13  Overlord  
  13  0:17  Drone  
  14  0:31  Drone x2  
  14  0:34  Drone  
  17  0:53  Hatchery  
  17  0:55  Drone  
  17  0:59  Drone  
  17  1:01  Extractor  
  17  1:07  Drone  
  18  1:19  Spawning Pool  
  18  1:22  Drone  
  18  1:28  Drone  
  19  1:39  Drone  
  20  1:57  Extractor  
  19  2:06  Roach Warren, Queen  
  19  2:07  Queen  
  22  2:09  Drone  
  22  2:11  Drone  
  22  2:15  Drone  
  25  2:18  Drone  
  25  2:22  Drone  
  27  2:29  Overlord  
  27  2:48  Roach x3  
  27  2:49  Roach  
  35  2:54  Overlord  
  35  3:11  Drone  
  36  3:27  Ravager  
  34  3:37  Ravager  
  34  3:38  Drone  
  34  3:39  Drone x8  
  44  3:52  Overlord x2  
  44  4:10  Overlord  
  44  4:11  Overlord  
  44  4:16  Ravager x2  
  46  4:19  Drone  
  46  4:20  Drone x7  
  46  4:22  Lair, Extractor  
  53  4:24  Extractor  
  52  4:39  Drone  
  52  4:40  Drone x3  
  56  4:51  Drone x2  
  56  4:52  Drone x4  
  62  5:06  Roach x3  
  68  5:14  Overlord, Hatchery  
  67  5:30  Spire  
  66  5:44  Drone x5  
  66  5:45  Drone x3  
  74  5:53  Overlord  
  74  5:54  Overlord  
  74  6:20  Overlord x2  
  74  6:21  Overlord  
  74  6:29  Queen  
  76  6:43  Extractor  
  76  6:46  Mutalisk x4  
  76  6:47  Extractor, Mutalisk x4  
  77  6:49  Mutalisk  
  77  6:50  Mutalisk x3  
  77  6:51  Mutalisk x2  
  102  7:03  Mutalisk  
  104  7:09  Mutalisk  
  104  7:10  Zergling x2  
  104  7:11  Zergling x4  
  104  7:13  Zerg Flyer Weapons Level 1  
  109  7:17  Hatchery  
  109  7:20  Metabolic Boost  
  108  7:28  Drone x7  
  115  7:31  Spine Crawler  
  115  7:34  Spine Crawler  
  115  7:35  Spine Crawler  
  92  7:58  Mutalisk x6  
  92  8:00  Zergling x2  
  92  8:01  Zergling x12  
  95  8:07  Hydralisk Den  
  95  8:11  Evolution Chamber  
  79  8:14  Evolution Chamber  
  79  8:16  Roach x2  
  79  8:17  Roach x3  
  79  8:18  Zergling x4  
  79  8:19  Zergling x6  
  93  8:27  Roach x3  
  93  8:28  Roach  
  93  8:31  Queen  
  93  8:32  Drone x2  
  104  8:51  Mutalisk  
  104  8:52  Zergling x2  
  104  8:53  Zergling x20  
  114  8:58  Zerg Missile Weapons Level 1  
  114  8:59  Zerg Ground Armor Level 1  
  114  9:00  Grooved Spines  
  113  9:02  Drone  
  113  9:03  Drone x6  
  112  9:13  Drone x4  
  116  9:23  Burrow  
  116  9:26  Baneling Nest  
  115  9:50  Drone x4  
  115  9:51  Drone x4  
  110  9:54  Hydralisk  
  110  9:55  Hydralisk x5  
  110  9:57  Overlord x4  
  102  10:22  Hydralisk Den  
  102  10:27  Overseer  
  102  10:28  Overseer  
  101  10:44  Drone  
  101  10:45  Drone x17  
  101  10:46  Drone x2  
  101  10:47  Drone  
  122  10:51  Muscular Augments  
  122  10:52  Centrifical Hooks  
  122  10:53  Zerg Missile Weapons Level 2  
  122  10:54  Zerg Ground Armor Level 2  
  122  10:59  Infestation Pit  
  121  11:07  Hatchery  
  118  11:29  Hydralisk x10  
  138  11:33  Hatchery  
  138  11:35  Hive  
  137  11:42  Lurker Den  
  136  12:00  Hatchery  
  135  12:03  Hydralisk x2  
  135  12:05  Overlord x3  
  137  12:22  Drone  
  138  12:23  Roach Warren  
  138  12:26  Extractor  
  138  12:27  Spine Crawler  
  138  12:29  Spine Crawler x2  
  133  12:30  Spine Crawler x2  
  133  12:33  Spine Crawler x2, Drone  
  133  12:34  Drone x9  
  133  12:37  Spine Crawler  
  128  12:48  Hydralisk  
  128  12:49  Hydralisk x6  
  98  13:02  Hydralisk  
  98  13:03  Hydralisk x4  
  73  13:31  Lurker x4  
  73  13:34  Hydralisk x4  
Tags
 
Add a new tag
Caveats
  • Supply blocks, unpowered buildings, or Contaminate may cause inaccurate times.
  • Supply counts are checked every 10 seconds.